Map: Moonlight Madness LE (Void)

Players

MoonLjth - Winner!

  • Race: Protoss Protoss
  • League: Platinum

iQuitBYE - Winner!

  • Race: Protoss Protoss
  • League: Grandmaster

Coop

  • Race: Terran Terran
  • League: Grandmaster

DarkGamer

  • Race: Terran Terran
  • League: Platinum

VOD

Have the link to the VOD?

Description

Time

  • Played on: Oct. 3, 2015, 12:34 p.m.
  • Length: 12:30
Show
View Real Time Build Order
Export as new Build Order

MoonLjth Protoss - Winner!

Build Orders:  

Get SALT Encoding   

  12  0:02  Probe (Chrono Boost)  
  13  0:15  Pylon  
  13  0:18  Probe (Chrono Boost)  
  15  0:28  Probe (Chrono Boost)  
  15  0:36  Gateway  
  15  0:40  Probe (Chrono Boost)  
  16  0:48  Assimilator  
  16  0:50  Probe (Chrono Boost)  
  17  0:58  Assimilator  
  17  1:01  Probe (Chrono Boost)  
  18  1:12  Probe (Chrono Boost)  
  18  1:15  Pylon  
  19  1:22  Probe (Chrono Boost)  
  20  1:28  Cybernetics Core  
  21  1:33  Probe (Chrono Boost)  
  21  1:43  Probe (Chrono Boost)  
  22  2:04  Nexus  
  22  2:07  Mothership Core (Chrono Boost)  
  24  2:11  Warp Gate  
  24  2:16  Adept (Chrono Boost)  
  26  2:27  Pylon  
  26  2:29  Probe (Chrono Boost)  
  27  2:42  Probe (Chrono Boost)  
  28  2:53  Probe (Chrono Boost), Robotics Facility  
  28  2:58  Adept  
  31  3:03  Probe (Chrono Boost)  
  32  3:08  Pylon  
  32  3:14  Probe (Chrono Boost)  
  32  3:19  Probe (Chrono Boost)  
  34  3:24  Probe (Chrono Boost)  
  34  3:25  Twilight Council  
  35  3:30  Probe (Chrono Boost)  
  36  3:35  Probe (Chrono Boost)  
  36  3:40  Warp Prism  
  39  3:42  Probe (Chrono Boost)  
  39  3:45  Probe (Chrono Boost)  
  41  3:51  Pylon  
  41  3:53  Probe (Chrono Boost)  
  42  3:59  Gateway  
  42  4:00  Probe (Chrono Boost)  
  43  4:05  Resonating Glaives (Chrono Boost)  
  43  4:06  Probe  
  44  4:11  Probe  
  44  4:16  Probe, Observer  
  46  4:19  Adept  
  46  4:23  Probe  
  50  4:26  Gateway  
  50  4:27  Probe  
  51  4:31  Forge  
  51  4:35  Probe  
  51  4:36  Assimilator  
  51  4:37  Probe, Observer  
  53  4:43  Assimilator  
  54  4:48  Probe x2  
  56  4:54  Adept  
  56  5:00  Probe  
  56  5:02  Pylon  
  57  5:07  Pylon  
  57  5:09  Adept, Pylon  
  58  5:14  Immortal (Chrono Boost)  
  58  5:23  Adept  
  58  5:26  Adept  
  57  5:32  Adept  
  57  5:33  Probe  
  59  5:36  Probe  
  59  5:37  Pylon  
  58  5:45  Probe  
  58  5:49  Probe, Adept  
  60  5:50  Adept  
  60  5:53  Gateway  
  62  5:58  Probe, Pylon  
  62  6:01  Probe  
  64  6:07  Protoss Ground Weapons Level 1  
  64  6:10  Probe  
  65  6:13  Probe  
  66  6:19  Nexus  
  66  6:22  Probe  
  66  6:25  Probe  
  68  6:34  Probe  
  68  6:36  Warp Prism  
  68  6:37  Probe  
  72  6:46  Probe  
  73  6:49  Probe  
  74  6:58  Probe, Gateway  
  75  7:01  Probe, Forge  
  74  7:10  Probe  
  74  7:13  Probe  
  70  7:16  Photon Cannon  
  70  7:18  Photon Cannon  
  70  7:19  Adept x2  
  70  7:20  Adept x2  
  70  7:22  Probe  
  79  7:24  Immortal  
  79  7:25  Probe  
  79  7:26  Blink (Chrono Boost)  
  84  7:31  Probe  
  84  7:34  Probe  
  86  7:37  Probe  
  86  7:41  Probe  
  86  7:43  Protoss Ground Armor Level 1  
  88  7:46  Probe  
  88  7:50  Probe  
  90  7:52  Probe, Pylon  
  90  7:53  Gateway  
  90  7:56  Pylon  
  91  7:59  Probe  
  91  8:02  Probe  
  91  8:03  Probe  
  94  8:11  Probe  
  95  8:14  Probe x2  
  95  8:23  Probe  
  95  8:24  Gateway, Photon Cannon  
  95  8:25  Adept  
  95  8:26  Probe, Adept x2  
  99  8:33  Adept x2  
  99  8:35  Probe x2  
  93  8:46  Adept x3  
  96  8:51  Probe  
  96  8:53  Probe  
  92  8:58  Adept x2  
  92  9:01  Probe  
  90  9:06  Adept x2  
  90  9:07  Templar Archives  
  91  9:10  Probe  
  91  9:11  Probe  
  91  9:14  Photon Cannon  
  91  9:15  Adept  
  91  9:16  Probe  
  92  9:20  Pylon  
  92  9:23  Probe  
  90  9:26  Probe  
  90  9:27  Probe  
  90  9:28  Assimilator  
  92  9:31  Psionic Storm  
  92  9:34  Assimilator  
  92  9:40  Pylon  
  92  9:44  High Templar x5  
  102  9:47  Adept  
  104  9:55  Photon Cannon  
  104  9:58  Adept  
  106  10:02  Protoss Ground Weapons Level 2 (Chrono Boost)  
  106  10:09  Adept, Photon Cannon  
  106  10:11  Protoss Ground Armor Level 2 (Chrono Boost)  
  108  10:14  Adept  
  108  10:18  Adept x4  
  118  10:22  Warp Prism  
  120  10:30  Adept x2  
  123  10:39  Gateway  
  123  10:40  Stalker  
  123  10:41  Stalker  
  123  10:42  Gateway  
  127  10:47  Stalker x2  
  131  10:53  Stalker  
  131  10:54  Stalker  
  131  11:02  Archon  
  131  11:03  Archon  
  123  11:04  Stalker  
  123  11:05  Stalker  
  123  11:08  Immortal (Chrono Boost)  
  121  11:20  Adept x3  
  121  11:22  Adept  
  129  11:28  High Templar  
  129  11:29  High Templar  
  129  11:30  Archon  
  133  11:45  High Templar  
  132  11:48  Nexus  
  132  11:50  Immortal (Chrono Boost)  
  132  11:54  High Templar x4  
  126  11:56  Archon x2  
  126  11:58  Probe x2  
  126  11:59  Probe  
  133  12:10  Pylon  
  133  12:13  Pylon  
  133  12:14  Pylon  
  133  12:15  Pylon  
  133  12:16  Pylon  
  133  12:19  Pylon  
  133  12:20  Pylon  
  133  12:21  Photon Cannon  
  133  12:22  Pylon  
Show
View Real Time Build Order
Export as new Build Order

iQuitBYE Protoss - Winner!

Build Orders:  

Get SALT Encoding   

  12  0:01  SCV  
  13  0:13  SCV  
  14  0:18  Supply Depot  
  14  0:25  SCV  
  15  0:40  SCV  
  16  0:45  Barracks  
  16  0:52  SCV  
  17  1:04  SCV  
  18  1:16  SCV  
  19  1:26  Command Center  
  19  1:30  SCV  
  20  1:40  Marine  
  20  1:43  Orbital Command  
  21  1:50  Supply Depot  
  21  1:56  Refinery  
  21  2:04  Refinery, Marine  
  22  2:11  SCV  
  23  2:22  Marine  
  24  2:23  SCV, Engineering Bay  
  25  2:35  SCV  
  26  2:38  Orbital Command  
  26  2:39  Marine  
  27  2:49  Terran Infantry Armor Level 1  
  27  2:50  SCV  
  28  2:57  Missile Turret  
  27  3:04  SCV x2, Barracks Tech Lab  
  29  3:09  Missile Turret  
  29  3:19  SCV x2  
  31  3:25  Supply Depot  
  31  3:26  Marauder  
  33  3:27  Concussive Shells  
  33  3:33  Factory  
  33  3:36  SCV  
  33  3:38  SCV  
  35  3:44  Supply Depot  
  35  3:48  SCV  
  36  3:50  Marauder  
  36  3:53  SCV  
  39  4:00  SCV  
  40  4:03  Barracks  
  40  4:06  Barracks  
  40  4:09  SCV  
  41  4:12  SCV  
  41  4:16  Marauder  
  44  4:21  Starport, Factory Reactor  
  44  4:23  SCV  
  45  4:28  Stimpack  
  45  4:31  SCV  
  46  4:38  Refinery  
  46  4:39  Refinery  
  46  4:40  SCV  
  46  4:43  Terran Infantry Weapons Level 1  
  47  4:46  SCV  
  48  4:55  Supply Depot  
  46  5:00  Marauder, Marine x2  
  49  5:07  Medivac  
  50  5:18  Marine x2  
  47  5:21  Marauder  
  47  5:23  Orbital Command  
  47  5:38  SCV  
  42  5:50  SCV, Medivac  
  42  5:52  SCV  
  44  5:57  Medivac  
  44  6:02  SCV, Supply Depot  
  47  6:04  SCV  
  47  6:07  Barracks Reactor  
  47  6:09  Barracks Reactor  
  48  6:14  SCV  
  48  6:16  SCV  
  50  6:24  Armory  
  50  6:26  SCV  
  50  6:28  Marauder  
  50  6:29  SCV  
  54  6:35  Barracks Tech Lab  
  54  6:38  SCV  
  55  6:42  SCV  
  56  6:55  Combat Shields  
  56  6:56  Marauder, Marine x2  
  56  6:57  Command Center  
  60  7:05  SCV x2, Barracks Reactor  
  61  7:17  SCV x2, Terran Infantry Weapons Level 2  
  63  7:26  Marauder, Marine x2  
  63  7:27  Supply Depot  
  63  7:28  Supply Depot  
  67  7:33  Barracks  
  67  7:35  Barracks, Medivac x2  
  71  7:44  Marine x3  
  72  7:45  Marine  
  72  7:48  SCV x2, Marauder  
  79  8:00  SCV, Supply Depot  
  74  8:22  Barracks Reactor  
  74  8:23  Barracks Tech Lab  
  74  8:27  Marauder, Orbital Command, Marine x3  
  69  8:28  SCV x2  
  71  8:41  Marine  
  71  8:42  Marauder  
  71  8:44  Marine  
  71  8:47  Marine x2  
  71  8:48  Marauder, Orbital Command  
  72  8:50  SCV  
  72  8:54  SCV  
  71  9:03  Marauder, Marine x3  
  76  9:10  Viking  
  76  9:11  Medivac  
  77  9:17  Marauder  
  77  9:22  SCV x3  
  78  9:25  Marauder  
  80  9:33  Marine x2  
  80  9:34  Marine x4  
  86  9:38  Marauder  
  86  9:40  SCV, Medivac  
  86  9:43  SCV  
  86  9:45  SCV  
  93  9:58  SCV x3  
  96  10:00  Marine  
  96  10:01  Marauder  
  96  10:04  Medivac  
  101  10:08  Supply Depot  
  101  10:13  SCV x3  
  104  10:15  Factory Tech Lab  
  104  10:16  Medivac  
  106  10:25  SCV x2  
  106  10:26  SCV  
  109  10:30  Command Center  
  109  10:41  Supply Depot  
  109  10:43  SCV x3, Supply Depot  
  109  10:49  Marine  
  114  10:50  Marauder, Refinery x2, Marine x2  
  114  10:53  Liberator  
  116  10:58  Starport  
  95  11:07  Marine  
  95  11:08  Marauder, Marine x2  
  85  11:12  Marine x2  
  85  11:15  SCV x2  
  85  11:16  SCV  
  84  11:28  Marauder, Marine x4  
  90  11:38  SCV  
  90  11:39  SCV  
  57  11:55  SCV x2  
  57  11:58  SCV  
  49  12:07  SCV x2  
  41  12:28  Unknown  
Show
View Real Time Build Order
Export as new Build Order

Coop Terran 

Build Orders:  

Get SALT Encoding   

Show
View Real Time Build Order
Export as new Build Order

DarkGamer Terran 

Build Orders:  

Get SALT Encoding   

Tags
 
Add a new tag
Caveats
  • Supply blocks, unpowered buildings, or Contaminate may cause inaccurate times.
  • Supply counts are checked every 10 seconds.